 Dungeon Crawl Stone Soup version 0.30-a0-1116-gebefce21f7 (webtiles) character file.

Game seed: 5433664583811716319

641 Twinkles the Conjurer (level 7, -2/48 HPs)
             Began as a Human Conjurer on Apr 22, 2023.
             Slain by a phantom (4 damage)
             ... on level 5 of the Dungeon.
             The game lasted 00:11:04 (4580 turns).

Twinkles the Conjurer (Human Conjurer)              Turns: 4580, Time: 00:11:04

Health: -2/48      AC:  2    Str:  7    XL:     7   Next: 81%
Magic:  1/12       EV: 13    Int: 21    God:
Gold:   169        SH:  0    Dex: 11    Spells: 10/13 levels left

rFire   + . .      SeeInvis .    b - +0 spear
rCold   + . .      Faith    .    (no shield)
rNeg    . . .      Spirit   .    a - +0 robe
rPois   .          Reflect  .    (no helmet)
rElec   .          Rampage  .    u - scarf {rC+ rF+}
rCorr   .                        (no gloves)
Will    .....                    (no boots)
Stlth   ++                       (no amulet)
HPRegen 0.28/turn                (no ring)
MPRegen 0.13/turn                (no ring)

@: no status effects
A: no striking features
a: no special abilities


You were on level 5 of the Dungeon.
You visited 1 branch of the dungeon, and saw 5 of its levels.

You collected 195 gold pieces.
You spent 26 gold pieces at shops.

Inventory:

Hand Weapons
 b - a +0 spear (weapon)
Missiles
 c - 6 javelins
 h - 6 poisoned darts
 y - 3 boomerangs
Armour
 a - a +0 robe (worn)
 d - a +0 buckler
 u - a scarf of resistance (worn)
Jewellery
 p - a ring of protection from cold
Wands
 i - a wand of iceblast (15)
 j - a wand of polymorph (9)
Scrolls
 e - 2 scrolls of poison {unknown}
 g - 4 scrolls of teleportation {unknown}
 k - 2 scrolls of fear {unknown}
 m - 2 scrolls of immolation {unknown}
 q - a scroll of butterflies {unknown}
 r - 4 scrolls of noise {unknown}
 s - a scroll of blinking {unknown}
 v - 4 scrolls of amnesia {unknown}
 w - 2 scrolls of fog {unknown}
 x - a scroll of magic mapping {unknown}
Potions
 o - a potion of brilliance {unknown}
 t - a potion of lignification {unknown}
 I - a potion of invisibility
 J - 3 potions of curing
 Q - a potion of magic
 R - a potion of resistance
 U - a potion of mutation


   Skills:
 + Level 1.2 Fighting
 + Level 4.2 Dodging
 - Level 4.3 Stealth
 + Level 1.2 Shields
 + Level 3.9 Spellcasting
 + Level 5.5 Conjurations


You had 10 spell levels left.
You knew the following spells:

 Your Spells              Type           Power      Damage    Failure   Level
a - Magic Dart            Conj           100%       1d8       1%          1
b - Searing Ray           Conj           54%        2d6       1%          2

Your spell library contained the following spells:

 Spells                   Type           Power      Damage    Failure   Level
 Sandblast                Erth           8%         2d5       12%         1
 Dazzling Flash           Conj/Hex       30%        N/A       12%         3
 Stone Arrow              Conj/Erth      30%        3d8       12%         3
 Passwall                 Tmut/Erth      3%         N/A       19%         2
 Fulminant Prism          Conj/Hex       7%         3d7       36%         4
 Iskenderun's Mystic Bla  Conj/Tloc      15%        2d5       36%         4
 Summon Lightning Spire   Summ/Air       4%         N/A       77%         4
 Storm Form               Tmut/Air       2%         N/A       100%        7
 Maxwell's Capacitive Co  Air            2%         ∞         100%        8


Dungeon Overview and Level Annotations

Branches:
Dungeon (5/15) Zot: 25401
 Temple: D:4-7

Altars:
Cheibriados
Nemelex Xobeh
Ru

Shops:
D:5 ?

Annotations:
D:3 Sigmund, Terence


Message History

The searing ray hits the centaur!
You kill the centaur!
The searing ray hits the phantom but does no damage. (Press . to maintain the ray.)
Your Fighting skill increases to level 1!
Your Shields skill increases to level 1!
The searing ray hits the adder.
The adder is severely wounded.
The searing ray hits the phantom.
The phantom is lightly damaged.
The adder bites you.
* * * LOW HITPOINT WARNING * * *
The adder closely misses you.
The searing ray misses the adder.
The searing ray misses the phantom.
The adder bites you.
* * * LOW HITPOINT WARNING * * *
The searing ray hits the adder!
You kill the adder!
You finish channelling your searing ray.
The phantom barely misses you. The phantom attacks as you move away!
The phantom hits you.
* * * LOW HITPOINT WARNING * * *
You hit the phantom.
The phantom is lightly damaged.
The phantom hits you.
* * * LOW HITPOINT WARNING * * *
The phantom blinks!
You blink.
Casting: Searing Ray (safe; 1% risk of failure)
Confirm with . or Enter, or press ? or * to list all spells.
Aiming: Searing Ray (safe; 1% risk of failure)
Press: ? - help, Shift-Dir - straight line, f - phantom
Aim: a phantom (lightly damaged, 71% to hit)
The searing ray hits the phantom.
The phantom is moderately damaged. (Press . to maintain the ray.)
The phantom hits you.
* * * LOW HITPOINT WARNING * * *
The phantom blinks!
You blink.
The phantom hits you.
You die...

...######## #.#
..........#####.####
...######.##...>...#
#.## #.##.......# #.#
#.##.......###
#.#######...§.........
..^.....>###.....?.#
########.###....!..#
#..........@..####
#.######....W!.....
#.# ############ #.#
#.# ######.# .....#.#
####.#.# #.#.#


You could see a phantom.

Vanquished Creatures
  A black bear (D:5)
  2 ogres (D:4)
  A centaur (D:5)
  A scorpion (D:4)
  2 iguanas
  A sleepcap (D:4)
  Ijyb (D:5)
  A mummy (D:3)
  6 adders
  A worm (D:4)
  A dart slug (D:5)
  4 orcs
  6 bats
  3 endoplasms
  4 giant cockroaches
  6 goblins
  8 hobgoblins
  2 jackals (D:2)
  8 kobolds
  3 quokkas
  9 ball pythons
  5 frilled lizards
  3 rats
79 creatures vanquished.

Notes
Turn   | Place    | Note
-------+----------+-------------------------------------------
     0 | D:1      | Twinkles the Human Conjurer began the quest for the Orb.
     0 | D:1      | Reached XP level 1. HP: 13/13 MP: 3/3
   110 | D:1      | Reached XP level 2. HP: 15/19 MP: 5/5
   122 | D:1      | Learned a level 2 spell: Searing Ray
   333 | D:1      | Reached XP level 3. HP: 21/24 MP: 3/6
  1268 | D:2      | Reached XP level 4. HP: 30/30 MP: 2/7
  1995 | D:3      | Noticed Sigmund
  2030 | D:3      | Found a snail-covered altar of Cheibriados.
  2216 | D:3      | Reached XP level 5. HP: 35/35 MP: 5/9
  2432 | D:3      | Noticed Terence
  2583 | D:4      | Noticed an ogre
  2676 | D:4      | Found a sacrificial altar of Ru.
  2886 | D:4      | HP: 10/35 [sleepcap (1)]
  2989 | D:4      | Noticed an ogre
  3020 | D:4      | Killed an ogre
  3021 | D:4      | Reached skill level 5 in Conjurations
  3021 | D:4      | Reached XP level 6. HP: 41/41 MP: 2/10
  3181 | D:4      | Killed an ogre
  3530 | D:4      | Reached XP level 7. HP: 29/46 MP: 0/12
  3841 | D:5      | Entered Level 5 of the Dungeon
  3842 | D:5      | Found Rede's Magic Scroll Boutique.
  3847 | D:5      | Bought a scroll of identify for 26 gold pieces
  3974 | D:5      | Found a sparkling altar of Nemelex Xobeh.
  4147 | D:5      | Noticed Ijyb
  4159 | D:5      | Killed Ijyb
  4266 | D:5      | HP: 13/46 [black bear (4)]
  4569 | D:5      | HP: 13/47 [centaur/arrow (8)]
  4574 | D:5      | Reached skill level 1 in Fighting
  4574 | D:5      | Reached skill level 1 in Shields
  4574 | D:5      | HP: 14/48 [adder (1)]
  4578 | D:5      | HP: 5/48 [phantom (4)]
  4579 | D:5      | HP: 1/48 [phantom (4)]
  4580 | D:5      | Slain by a phantom

Illustrated notes

Levels and vault maps discovered:
D:1:      lightli_arrival_quake, layout_basic, dk_noncrumbling_2,
          chequers_serial_rivers_small_a, minmay_3d_cube
D:2:      layout_basic
D:3:      layout_basic, slow_altar_1, uniq_grinder, uniq_sigmund, uniq_terence
D:4:      layout_basic, nicolae_ru_sacrificial_ziggurat, nrook_mini_backslash,
          amcnicky_mini_pool_small
D:5:      layout_loops_ring, mainiacjoe_overflow_catwalk, serial_shops,
          nicolae_shop_just_a_little_nook, uniq_ijyb

Skill      XL: |  1  2  3  4  5  6  7 |
---------------+----------------------+-----
Stealth        | 3 4 |  4.3
Dodging        | 3 4 |  4.2
Spellcasting   | 3 |  3.9
Conjurations   | 5 |  5.5
Fighting       | 1 |  1.2
Shields        | 1 |  1.2

Action                     |  1- 3 |  4- 6 |  7- 9 || total
---------------------------+-------+-------+-------++-------
  Melee: Spear             |   108 |    60 |     2 ||   170
         Punch             |       |     2 |       ||     2
   Cast: Magic Dart        |     3 |     2 |       ||     5
         Searing Ray       |     9 |    28 |    12 ||    49
    Use: Scroll            |       |       |     5 ||     5
   Stab: Sleeping          |     5 |     1 |     1 ||     7
 Armour: Robe              |    25 |     6 |       ||    31
  Dodge: Dodged            |    54 |    47 |    15 ||   116

Table legend: (Time is in decaauts)
 A = Elapsed time spent in this place.
 B = Non-inter-level travel time spent in this place.
 C = Inter-level travel time spent in this place.
 D = Time resting spent in this place.
 E = Time spent auto-exploring this place.
 F = Levels seen in this place.
 G = Mean time per level.
                   A        B        C        D        E       F      G
               +--------+--------+--------+--------+--------+-----+--------+
         Total |   4597 |   4521 |     76 |     57 |   3657 |   5 |  919.4 |
       Dungeon |   4597 |   4521 |     76 |     57 |   3657 |   5 |  919.4 |
               +--------+--------+--------+--------+--------+-----+--------+

Top non-repeatable levels by time:
     D:4: 1240 daAuts
     D:2: 1095 daAuts
     D:1: 821 daAuts
     D:5: 738 daAuts
     D:3: 700 daAuts
